Frizzbo, chaotic female elven Rogue ---- | |..|--- |.|..|((| |.-|-|(@| |....|..| |.{..-|-- -- |....@a....+ |....-+-- | |.-+-- |. | Frizzbo the Rogue Experience level: 6 Strength: 13 Dexterity: 19 Constitution: 16 Intelligence: 10 Wisdom: 9 Charisma: 9 Health: 0(50) Energy: 28(28) Def: 7 Gold: 108 Moves: 4938 Dungeon seed: 7lsvxzXoO5_nGRox Game ID: Frizzbo_1467303107 Your Inventory: Coins $ - 108 gold pieces Weapons b - the uncursed +0 Sting (weapon in hand) i - 14 uncursed +3 elven daggers (in quiver) Armor e - an uncursed +1 leather armor (being worn) n - an uncursed +0 dwarvish cloak (being worn) y - an uncursed +0 pair of iron shoes (being worn) W - an uncursed +0 dwarvish iron helm (being worn) Comestibles w - 3 uncursed eucalyptus leaves F - an uncursed clove of garlic J - 2 uncursed food rations L - an uncursed tripe ration Potions O - a blessed potion of hallucination Rings p - an uncursed ring of free action Wands h - an uncursed wand of opening (0:3) B - an uncursed wand of magic missile (0:6) I - an uncursed wand of lightning (0:6) Tools f - an uncursed lock pick g - an uncursed blindfold s - an uncursed sack v - an uncursed frost horn (0:7) C - an uncursed +0 pick-axe H - an uncursed wax candle (0:400) M - an uncursed leash R - 2 cursed tallow candles (0:200) Gems q - an uncursed worthless piece of violet glass r - an uncursed worthless piece of white glass z - 2 uncursed worthless pieces of red glass N - 2 uncursed worthless pieces of blue glass X - an uncursed worthless piece of yellowish brown glass Y - an uncursed worthless piece of yellow glass Contents of the sack: 318 gold pieces a blessed scroll of blank paper 3 uncursed scrolls of blank paper an uncursed scroll of charging an uncursed scroll of confuse monster 3 uncursed scrolls of create monster an uncursed scroll of destroy armor 4 uncursed scrolls of enchant weapon an uncursed scroll of identify a blessed scroll of remove curse an uncursed scroll of scare monster a blessed scroll of stinking cloud a blessed scroll of water an uncursed spellbook of stone to flesh an uncursed potion of sickness Spells and supernatural/magical abilities: Name Level Category Fail Memory S - stone to flesh 3 healing 100% 82% W - pray for help -- divine ? -- Your skills at the end: Miscellaneous Skills wands [Basic] Weapon Skills dagger [Skilled] short sword [Basic] Spellcasting Skills Final Attributes: You were piously aligned. You were sleep resistant. You were telepathic. You were aware of the presence of orcs. You had infravision. You were stealthy. You are dead. Vanquished creatures: a dwarf mummy a gold golem a rock piercer 2 gnome lords a gnomish wizard a golden naga hatchling a ghoul 2 paper golems a giant ant a little dog 2 floating eyes a kitten 5 dwarves an iguana 2 hill orcs an orc zombie 3 coyotes a gas spore 4 hobbits 2 acid blobs 6 geckos a hobgoblin 5 giant rats 2 cave spiders 2 brown molds a green mold 17 gnomes a garter snake 10 jackals 4 foxes 5 kobolds 9 newts 2 goblins a sewer rat 7 grid bugs a lichen a kobold zombie 109 creatures vanquished. Voluntary challenges: You used a wielded weapon 102 times, starting on turn 19. You did not apply a unicorn horn. You read items or engraved 11 times, starting on turn 1171. You never genocided any monsters. You never polymorphed an object. You never changed form. You used no wishes. You never split a pudding. You never wrote Elbereth's name. You never violated your personal moral code. Dungeon overview: The Dungeons of Doom: levels 1 to 4 Level 1 a long staircase Level 2 a fountain Level 3 a scroll shop Level 4 stairs to The Gnomish Mines The Gnomish Mines: levels 5 to 8 Level 5 stairs to The Dungeons of Doom Level 6 Level 8 <- You were here a hardware shop, a fountain History has recorded: On T:1 you entered the Dungeons of Doom to retrieve the Amulet of Yendor! On T:275 you advanced to experience level 2. On T:609 you reached level 2 of The Dungeons of Doom. On T:638 you reached level 3 of The Dungeons of Doom. On T:1031 you advanced to experience level 3. On T:2386 you advanced to experience level 4. On T:2944 you reached level 4 of The Dungeons of Doom. On T:3309 you advanced to experience level 5. On T:3637 you reached level 1 of The Gnomish Mines. On T:4350 you reached level 2 of The Gnomish Mines. On T:4367 you advanced to experience level 6. On T:4914 you reached level 4 of The Gnomish Mines. Score breakdown: Gold: 426 ( 42 points) Experience: 6 levels ( 500 points) Exploration: 8 levels ( 210 points) Discoveries: 16 items ( 800 points) Variety of kills: 37 monsters ( 1850 points) Major goal: (nothing yet) ( 0 points) Survival: died (score multiplied by 3) Total score: 10206 Latest messages: You have a little trouble lifting R - 2 candles. Your candles' flames flicker low! You hear some noises in the distance. Your candles are consumed! Their flames die. You stop exploring. You step onto a level teleport trap! You are momentarily blinded by a flash of light. This door is locked. That door is closed. The door opens. (2x) "Hello, Frizzbo! Welcome to Y-crad's hardware store!" "Will you please leave your pick-axe outside?" The soldier ant bites! The soldier ant misses. (2x) The soldier ant stings! You stab the soldier ant. The soldier ant bites! The soldier ant misses. The soldier ant bites! The soldier ant stings! The soldier ant bites! The soldier ant stings! The soldier ant bites! You die... Y-crad looks at your corpse and sighs. Final status: Goodbye Frizzbo the Rogue, killed by a soldier ant... You died in The Gnomish Mines on dungeon level 8 with 10206 points, and 426 pieces of gold, after 4938 moves. You were level 6 with a maximum of 50 hit points when you died.